[Event "Titled Tuesday Blitz January 03 Late 2023"]
[White "Mei, Austin"]
[Black "Abrahamyan, Tatev"]
[WhiteFideId "30948479"]
[BlackFideId "13301918"]
[WhiteElo "2218"]
[BlackElo "2294"]
[Result "0-1"]
[Round "08"]
[TimeControl "180+2"]
[Date "2023.01.03"]
[WhiteClock "0:00:20"]
[BlackClock "0:00:33"]

1. e4 e6 2. d4 d5 3. e5 c5 4. c3 Nc6 5. Nf3 Bd7 6. a3 Rc8 7. b4 cxd4 8. cxd4 Qb6 9. Be2 Nge7 10. O-O Nf5 11. Bb2 Na5 12. Nbd2 Nc4 13. Nxc4 dxc4 14. Bc3 Ne7 15. d5 Nxd5 16. Bd4 Qa6 17. Qd2 Be7 18. Rfc1 O-O 19. h4 b5 20. h5 h6 21. Qc2 Rfd8 22. Qe4 Bc6 23. Qg4 Qb7 24. Bd1 Rd7 25. Bc2 Rcd8 26. Rd1 Kf8 27. Bc5 Bxc5 28. bxc5 Nc3 29. Rxd7 Qxd7 30. a4 Bxf3 31. Qxf3 b4 32. c6 Qd4 33. Bg6 Ne2+ 34. Qxe2 Qxa1+ 35. Kh2 fxg6 36. hxg6 Qd4 37. Qf3+ Kg8 38. Qf7+ Kh8 39. Qxe6 Qh4+ 40. Qh3 Qxh3+ 41. Kxh3 Rc8 42. f4 Rxc6 43. f5 Kg8 44. e6 c3 45. e7 Rc8 46. f6 gxf6 47. Kg4 c2 48. Kf5 c1=Q 49. Kxf6 Qf4+ 50. Ke6 Rc6+ 51. Kd7 Qd6+ 52. Ke8 Rc8# 0-1


[Site "https://www.chess.com"]

[Event "Titled Tuesday Blitz January 03 Late 2023"]
[White "Cruz Mendez, Jean Marco"]
[Black "Atanasov, Anthony"]
[WhiteFideId "3526402"]
[BlackFideId "2623897"]
[WhiteElo "2270"]
[BlackElo "2368"]
[Result "1/2-1/2"]
[Round "08"]
[TimeControl "180+2"]
[Date "2023.01.03"]
[WhiteClock "0:00:12"]
[BlackClock "0:00:01"]

1. e4 e5 2. Nf3 Nf6 3. Nxe5 d6 4. Nf3 Nxe4 5. c3 d5 6. Bd3 Bd6 7. Bc2 O-O 8. O-O Re8 9. d3 Nf6 10. h3 h6 11. d4 Ne4 12. Nbd2 Bf5 13. Re1 Nd7 14. Nf1 c6 15. N3d2 Ndf6 16. Nxe4 Nxe4 17. Be3 Qb6 18. Rb1 Re6 19. f3 Ng3 20. Nxg3 Bxc2 21. Qxc2 Bxg3 22. Bf2 Bxf2+ 23. Qxf2 Rae8 24. Rxe6 Rxe6 25. Re1 Rxe1+ 26. Qxe1 Qxb2 27. Qe8+ Kh7 28. Qxf7 Qb1+ 29. Kh2 a5 30. h4 a4 31. h5 a3 32. Qf8 Qc2 33. Qxa3 Qf5 34. Qe7 Qxh5+ 35. Kg1 b5 36. Qe6 Qg6 37. Qe2 Qf5 38. Kf2 h5 39. Qd2 Kg6 40. Kg1 Kf7 41. Kh2 Qf6 42. Qe2 Qf4+ 43. g3 Qf5 44. Kg2 Qg5 45. f4 Qf5 46. Kf2 h4 47. gxh4 Qh3 48. Qf3 Qh2+ 49. Qg2 Qxh4+ 50. Qg3 Qh1 51. f5 Qe4 52. Qg6+ Kg8 53. Kg3 Qe3+ 54. Kg4 Qe4+ 55. Kg3 Qe3+ 56. Kg4 Qe2+ 57. Kg3 Qe1+ 58. Kg2 Qd2+ 59. Kg1 Qc1+ 60. Kg2 Qc2+ 61. Kg1 Qb1+ 62. Kh2 Qb2+ 63. Kh1 Qa1+ 64. Kh2 Qxa2+ 65. Kh3 Qa8 66. f6 Qc8+ 67. Kg2 Qd7 68. Kg1 Kf8 69. Qh7 Qf7 70. Qh8+ Qg8 71. fxg7+ Kf7 72. Qh5+ Kxg7 73. Qe2 Kf7+ 74. Kf2 Qg6 75. Qb2 Qf6+ 76. Ke3 Qe6+ 77. Kd3 Qg6+ 78. Ke3 Qg3+ 79. Kd2 Qf2+ 80. Kc1 Qe1+ 81. Kc2 Qe2+ 82. Kb3 Qd1+ 83. Kb4 Qa4+ 84. Kc5 Qc4+ 85. Kd6 Kf6 86. Qf2+ Kg5 87. Qg3+ Kf5 88. Qf3+ Kg6 89. Qg4+ Kh6 90. Qh4+ Kg7 91. Qg5+ Kh8 92. Qh6+ Kg8 93. Qg6+ Kh8 94. Qh6+ Kg8 95. Qg6+ Kh8 96. Qh6+ 1/2-1/2


[Site "https://www.chess.com"]

[Event "Titled Tuesday Blitz January 03 Late 2023"]
[White "Vlassov, Nikolai"]
[Black "Fiorito, Joaquin"]
[WhiteFideId "4103360"]
[BlackFideId "180173"]
[WhiteElo "2283"]
[BlackElo "2405"]
[Result "1/2-1/2"]
[Round "08"]
[TimeControl "180+2"]
[Date "2023.01.03"]
[WhiteClock "0:00:06"]
[BlackClock "0:00:06"]

1. e4 c6 2. d4 d5 3. e5 Bf5 4. Nf3 e6 5. Be2 c5 6. O-O Nc6 7. Be3 Qb6 8. dxc5 Qxb2 9. Nbd2 Qxc2 10. Qxc2 Bxc2 11. Rfc1 Bg6 12. a4 Nh6 13. a5 a6 14. Nb3 Nf5 15. Bf4 Kd7 16. g4 Nfe7 17. Nh4 f6 18. exf6 gxf6 19. Nxg6 Nxg6 20. Bg3 Bh6 21. Rcb1 Nf4 22. Bf1 Rhg8 23. h3 e5 24. Nc1 Kc7 25. Nd3 Nxd3 26. Bxd3 Nd4 27. Rb6 Nc6 28. Bxh7 Rgd8 29. h4 Bg7 30. Rab1 Nxa5 31. g5 fxg5 32. hxg5 Rab8 33. f4 Nc6 34. f5 Bf8 35. f6 Bxc5+ 36. Kg2 Bxb6 37. g6 Bc5 38. g7 Bd6 39. f7 Ne7 40. Bh4 Rf8 41. Bxe7 Rxf7 42. Bxd6+ Kxd6 43. Rb6+ Kc7 44. Rg6 Rxg7 45. Rxg7+ Kd6 46. Kf3 b5 47. Ke3 a5 48. Rg6+ Kc5 49. Rg7 Rc8 50. Rb7 Kb4 51. Bd3 Rc5 52. Kd2 e4 53. Be2 a4 54. Ke3 a3 55. Kd4 e3 56. Kxe3 Ka5 57. Ra7+ Kb4 58. Kd4 Rc2 59. Bd3 Rd2 60. Ke3 Rb2 61. Kd4 a2 62. Kxd5 Rd2 63. Ke4 Rxd3 64. Kxd3 Kb3 65. Kd4 b4 66. Kc5 Kb2 67. Kxb4 a1=Q 68. Rxa1 Kxa1 1/2-1/2


[Site "https://www.chess.com"]

[Event "Titled Tuesday Blitz January 03 Late 2023"]
[White "Shuvalova, Polina"]
[Black "Sukandar, Irine Kharisma"]
[WhiteFideId "24171760"]
[BlackFideId "7101937"]
[WhiteElo "2484"]
[BlackElo "2390"]
[Result "1/2-1/2"]
[Round "08"]
[TimeControl "180+2"]
[Date "2023.01.03"]
[WhiteClock "0:00:05"]
[BlackClock "0:00:27"]

1. d4 Nf6 2. Nf3 d5 3. Bf4 e6 4. e3 Bd6 5. Bxd6 Qxd6 6. c4 O-O 7. Nc3 b6 8. Rc1 Ba6 9. cxd5 Nxd5 10. Nxd5 Qxd5 11. Bxa6 Nxa6 12. Qa4 Qb7 13. O-O c5 14. Ne5 Rfd8 15. Rfd1 h6 16. Qc6 Qxc6 17. Nxc6 Rd6 18. Ne5 Rad8 19. Nf3 Nb4 20. a3 Nc6 21. g3 g5 22. Rd2 g4 23. Nh4 cxd4 24. exd4 Nxd4 25. Kg2 Nf3 26. Rxd6 Nxh4+ 27. gxh4 Rxd6 28. Rc7 a5 29. Rb7 Kg7 30. h3 gxh3+ 31. Kxh3 Kg6 32. Kg4 h5+ 33. Kf4 Rd4+ 34. Kg3 Rd6 35. f3 a4 36. Kf4 Rd4+ 37. Kg3 Rd6 38. Kf4 Rc6 39. Kg3 Kf6 40. Kf4 Rc4+ 41. Kg3 Rc6 42. Kf4 e5+ 43. Ke3 Kg6 44. Ke4 Kf6 45. Ke3 Ke6 46. f4 f6 47. Rb8 exf4+ 48. Kxf4 Rc4+ 49. Kg3 Rc6 50. Kf4 Rd6 51. Ke4 Rc6 52. Kf4 1/2-1/2


[Site "https://www.chess.com"]

[Event "Titled Tuesday Blitz January 03 Late 2023"]
[White "ArchibaldCerveza29"]
[Black "Gascon Del Nogal, Jose Rafael"]
[BlackFideId "3902463"]
[WhiteElo "2509"]
[BlackElo "2459"]
[Result "1-0"]
[Round "08"]
[TimeControl "180+2"]
[Date "2023.01.03"]
[WhiteClock "0:00:26"]
[BlackClock "0:00:02"]

1. d4 Nf6 2. Nf3 g6 3. b3 Bg7 4. Bb2 O-O 5. e3 b6 6. Be2 Bb7 7. O-O d6 8. c4 e6 9. Nc3 Ne4 10. Qc2 Nxc3 11. Bxc3 c5 12. Rfd1 cxd4 13. Nxd4 a6 14. Rd2 Qe7 15. Rad1 Rd8 16. Bf3 Bxf3 17. Nxf3 Nc6 18. Bxg7 Kxg7 19. Nd4 Rac8 20. Qc3 Qf6 21. h3 Nxd4 22. Qxd4 Qxd4 23. Rxd4 Rc6 24. Kf1 Kf6 25. Ke2 Ke7 26. e4 b5 27. cxb5 axb5 28. R1d2 h5 29. g4 h4 30. f4 Rc3 31. R4d3 Rxd3 32. Kxd3 Ra8 33. Kc3 Kd7 34. Kb4 Kc6 35. Rc2+ Kb6 36. Rd2 Rd8 37. a4 bxa4 38. bxa4 d5 39. exd5 exd5 40. a5+ Kc6 41. Rc2+ Kd6 42. a6 Ra8 43. Kb5 d4 44. Kb6 Rb8+ 45. Ka5 Rb3 46. a7 Ra3+ 47. Kb6 d3 48. Rd2 Rb3+ 49. Ka6 Ra3+ 50. Kb7 Rb3+ 51. Kc8 Rc3+ 52. Kd8 1-0


[Site "https://www.chess.com"]

[Event "Titled Tuesday Blitz January 03 Late 2023"]
[White "Zeynalli, Rashad"]
[Black "Kalogeris, Ioannis"]
[WhiteFideId "13403320"]
[BlackFideId "4239563"]
[WhiteElo "2200"]
[BlackElo "2423"]
[Result "0-1"]
[Round "08"]
[TimeControl "180+2"]
[Date "2023.01.03"]
[WhiteClock "0:00:07"]
[BlackClock "0:00:08"]

1. d4 d5 2. Bf4 Nf6 3. e3 e6 4. Nd2 Bd6 5. Bg3 O-O 6. Bd3 c5 7. c3 Qc7 8. Ngf3 Nbd7 9. Qe2 e5 10. dxe5 Nxe5 11. Nxe5 Bxe5 12. Bh4 Re8 13. Nf3 Bg4 14. h3 Bxf3 15. gxf3 c4 16. Bc2 d4 17. cxd4 Bxd4 18. O-O-O Qb6 19. Ba4 Re7 20. Qc2 Bc5 21. Kb1 Rc7 22. Qxc4 Bxe3 23. Qd3 Bc5 24. Bb3 Rf8 25. Rhg1 Rd7 26. Qf5 Rxd1+ 27. Bxd1 Bd4 28. Bb3 Bxf2 29. Bxf2 Qxf2 30. Qg5 g6 31. Rc1 Qxf3 32. h4 Ne4 33. Qd5 Qf4 34. Rd1 Qxh4 35. Qxb7 Qf4 36. Qb4 Qf5 37. Ka1 Nf2 38. Rf1 Qe4 39. Qd2 Ng4 40. Re1 Qf3 41. Bd1 Qf2 42. Re2 Qf1 43. Re1 Qf5 44. Bc2 Qf2 45. Qc3 Nf6 46. Rd1 Qh4 47. Bd3 Qg5 48. Rf1 Nd5 49. Qd4 Ne3 50. Re1 Ng2 51. Rg1 Qe3 52. Qc3 Qxg1+ 53. Bb1 Ne1 54. Qc1 Qf2 55. Qd1 Nf3 56. a3 h5 57. a4 h4 58. a5 h3 59. Qc2 Qxc2 60. Bxc2 h2 61. Be4 h1=Q+ 0-1


[Site "https://www.chess.com"]

[Event "Titled Tuesday Blitz January 03 Late 2023"]
[White "Baskin, Robert"]
[Black "reevecanada"]
[WhiteFideId "24662402"]
[WhiteElo "2442"]
[BlackElo "2486"]
[Result "1/2-1/2"]
[Round "08"]
[TimeControl "180+2"]
[Date "2023.01.03"]
[WhiteClock "0:01:03"]
[BlackClock "0:01:19"]

1. c4 e5 2. g3 c6 3. Nf3 Bd6 4. d4 e4 5. Ng5 Qe7 6. c5 Bc7 7. Nc3 f5 8. Qb3 Nf6 9. h4 d5 10. cxd6 Bxd6 11. Be3 h6 12. Nh3 Be6 13. Qc2 Nd5 14. Nxd5 Bxd5 15. Nf4 Qf7 16. Bh3 O-O 17. h5 Bb4+ 18. Kf1 Nd7 19. Rg1 Nf6 20. Bxf5 Nxh5 21. Bg6 Qd7 22. Nxh5 Qh3+ 23. Rg2 Qh1+ 24. Rg1 Qh3+ 25. Rg2 Qh1+ 26. Rg1 Qh3+ 1/2-1/2


[Site "https://www.chess.com"]

[Event "Titled Tuesday Blitz January 03 Late 2023"]
[White "Di Berardino, Diego Rafael"]
[Black "Yeritsyan, Hayk"]
[WhiteFideId "2105446"]
[BlackFideId "13307320"]
[WhiteElo "2479"]
[BlackElo "2241"]
[Result "1-0"]
[Round "08"]
[TimeControl "180+2"]
[Date "2023.01.03"]
[WhiteClock "0:00:07"]
[BlackClock "0:00:10"]

1. e4 c6 2. d4 d5 3. exd5 cxd5 4. c4 Nf6 5. Nc3 Nc6 6. Bg5 e6 7. Nf3 Be7 8. c5 O-O 9. Bb5 Bd7 10. O-O Nb4 11. Bxd7 Nxd7 12. Bf4 a6 13. Re1 Bf6 14. a3 Nc6 15. b4 Re8 16. Rb1 Nf8 17. h3 Qd7 18. Bg3 Bd8 19. a4 Bc7 20. b5 Na5 21. Bxc7 Qxc7 22. Ne5 Nd7 23. Nd3 Nc4 24. bxa6 bxa6 25. Rb4 Nb8 26. Nxd5 Qd8 27. Rxc4 Qxd5 28. Qc2 Nc6 29. Nb4 Nxb4 30. Rxb4 e5 31. Rd1 exd4 32. Rbxd4 Qc6 33. Rd6 Qc7 34. c6 h6 35. Qc4 Re7 36. Rd7 Qe5 37. Rxe7 Qxe7 38. c7 Rc8 39. Rc1 Qd7 40. a5 Qd6 41. Qc6 Qxc6 42. Rxc6 Kf8 43. g3 Ke7 44. h4 Kd7 45. Rxa6 Rxc7 46. Rb6 Rc1+ 47. Kg2 Ra1 48. a6 Ke7 49. Rb7+ Kf6 50. a7 g6 51. Rc7 h5 52. Kf3 Ra4 53. Ke3 Ke6 54. Rb7 Kf6 55. Kd3 Ke6 56. Kc3 Ra1 57. Kc4 Kf6 58. Kc5 Ke6 59. Kc6 f6 60. Kc7 g5 61. Kb8 gxh4 62. gxh4 Kf5 63. a8=Q Rxa8+ 64. Kxa8 Kg4 65. Rf7 Kxh4 66. Rxf6 Kg5 67. Rf8 h4 68. f4+ Kg4 69. Rh8 h3 70. f5 Kxf5 71. Rxh3 Kg4 72. Rb3 Kf5 73. Kb7 Ke4 74. Kc6 Kd4 75. Rb4+ Kc3 76. Kc5 Kc2 77. Rd4 Kc1 78. Kc4 1-0


[Site "https://www.chess.com"]

[Event "Titled Tuesday Blitz January 03 Late 2023"]
[White "Ozer, Omer Faruk"]
[Black "Manukian, Artak"]
[WhiteFideId "6354564"]
[BlackFideId "13301373"]
[WhiteElo "2360"]
[BlackElo "2196"]
[Result "1-0"]
[Round "08"]
[TimeControl "180+2"]
[Date "2023.01.03"]
[WhiteClock "0:00:17"]
[BlackClock "0:00:13"]

1. e4 c6 2. d4 d5 3. Bd3 dxe4 4. Bxe4 Nf6 5. Bf3 Bf5 6. Ne2 e6 7. O-O Bd6 8. c4 O-O 9. Nbc3 Nbd7 10. b3 Qc7 11. Ng3 Bg6 12. Bb2 Rad8 13. Qe2 Rfe8 14. Rac1 e5 15. d5 e4 16. Bg4 Nxg4 17. Qxg4 Ne5 18. Qh4 Nd3 19. Rc2 Nxb2 20. Rxb2 e3 21. fxe3 Rxe3 22. Nce4 Bxe4 23. Nxe4 Bxh2+ 24. Kh1 Be5 25. Rbf2 f6 26. Qg4 Kh8 27. dxc6 Qxc6 28. Ng5 Qe8 29. Ne6 Rd7 30. Rf3 Rxf3 31. gxf3 Re7 32. Nc5 Qg6 33. Qxg6 hxg6 34. Rd1 g5 35. Kg2 Kh7 36. Rd8 Kg6 37. Nd7 Bc7 38. Nf8+ Kf7 39. Ra8 Bb6 40. Nh7 Re2+ 41. Kg3 Rxa2 42. Kg4 Rg2+ 43. Kf5 g6+ 44. Ke4 Kg7 45. Nf8 Re2+ 46. Kd5 Re7 47. Ne6+ Kf7 48. Rf8# 1-0


[Site "https://www.chess.com"]

[Event "Titled Tuesday Blitz January 03 Late 2023"]
[White "Aldokhin, Ivan"]
[Black "Sos Andreu, Eric"]
[WhiteFideId "24115720"]
[BlackFideId "22247017"]
[WhiteElo "2413"]
[BlackElo "2352"]
[Result "0-1"]
[Round "08"]
[TimeControl "180+2"]
[Date "2023.01.03"]
[WhiteClock "0:00:03"]
[BlackClock "0:00:09"]

1. g3 Nf6 2. Bg2 g6 3. d3 Bg7 4. e4 O-O 5. Nf3 d6 6. O-O c5 7. Nc3 Nc6 8. Re1 Ne8 9. Bg5 Nc7 10. Qd2 Re8 11. Bh6 Bh8 12. a4 Rb8 13. Re2 Bg4 14. Ree1 Qd7 15. Bh1 a6 16. Rad1 Nd4 17. Nxd4 Bxd1 18. Nxd1 cxd4 19. f4 e6 20. Nf2 f5 21. g4 Bg7 22. Bg5 Qf7 23. Rf1 b5 24. axb5 Rxb5 25. b3 Rc5 26. b4 Rb5 27. exf5 gxf5 28. Bc6 Rbb8 29. Bxe8 Qxe8 30. Qe2 Qg6 31. Kh1 h6 32. Bh4 fxg4 33. Nxg4 Qf5 34. Rg1 Kh7 35. Qe4 Qxe4+ 36. dxe4 Ne8 37. e5 dxe5 38. fxe5 Rxb4 39. Bf6 h5 40. Bxg7 hxg4 41. Bf8 Rb2 42. Rxg4 Rxc2 43. Rxd4 Kg6 44. Rd8 Kf7 45. Bd6 Ng7 46. Rd7+ Kg6 47. Ra7 Nh5 48. Rxa6 Nf4 49. Kg1 Rg2+ 50. Kf1 Rxh2 51. Ra8 Kf5 52. Rf8+ Ke4 53. Bc5 Kf3 54. Ke1 Ke4 55. Kd1 Nd3 56. Bd6 Ra2 57. Rh8 Ke3 58. Rh3+ Ke4 59. Bc7 Nf2+ 60. Kc1 Nxh3 61. Kb1 Re2 0-1


[Site "https://www.chess.com"]

[Event "Titled Tuesday Blitz January 03 Late 2023"]
[White "Sebag, Marie"]
[Black "Graif, William"]
[WhiteFideId "617822"]
[BlackFideId "2609835"]
[WhiteElo "2430"]
[BlackElo "2304"]
[Result "0-1"]
[Round "08"]
[TimeControl "180+2"]
[Date "2023.01.03"]
[WhiteClock "0:00:12"]
[BlackClock "0:00:16"]

1. e4 e5 2. Nf3 Bc5 3. Bc4 Nf6 4. d3 Nc6 5. c3 d6 6. Nbd2 a6 7. Bb3 O-O 8. Nf1 d5 9. Qe2 Re8 10. Ng3 dxe4 11. dxe4 Be6 12. Bg5 h6 13. Rd1 Qe7 14. Bh4 Bxb3 15. axb3 Qe6 16. Nf5 Bf8 17. g4 g6 18. g5 Nh5 19. gxh6 Nf4 20. Qf1 gxf5 21. h7+ Kh8 22. Ng5 Qxb3 23. Rg1 Bg7 24. Rd7 Re7 25. Rd2 f6 26. Nh3 fxe4 27. Nxf4 exf4 28. Qh3 Ne5 29. Bxf6 Nf3+ 30. Ke2 Bxf6 31. Rg8+ Rxg8 32. hxg8=Q+ Kxg8 33. Rd8+ Kg7 34. Qh8+ Kg6 35. Rg8+ Rg7 36. Rxg7+ Bxg7 37. Qe8+ Kh6 0-1


[Site "https://www.chess.com"]

[Event "Titled Tuesday Blitz January 03 Late 2023"]
[White "Ballester Llagaria, Luis Eduardo"]
[Black "Pein, Jonathan"]
[WhiteFideId "2297620"]
[BlackFideId "417092"]
[WhiteElo "2298"]
[BlackElo "2265"]
[Result "1-0"]
[Round "08"]
[TimeControl "180+2"]
[Date "2023.01.03"]
[WhiteClock "0:01:29"]
[BlackClock "0:00:14"]

1. e4 e5 2. Nf3 d6 3. Nc3 Nf6 4. d4 exd4 5. Nxd4 g6 6. Bf4 Bg7 7. Qd2 O-O 8. O-O-O Re8 9. f3 Nc6 10. Nxc6 bxc6 11. Bc4 Be6 12. Bb3 a5 13. Bh6 Bh8 14. h4 Nd7 15. h5 Nc5 16. Bg5 Qb8 17. Qf4 a4 18. hxg6 axb3 19. gxf7+ Bxf7 20. Rxh7 Bg6 21. Rxh8+ Kxh8 22. Qf6+ Kg8 23. Qxg6+ Kf8 24. Qf6+ Kg8 25. Rh1 Nd3+ 26. cxd3 bxa2 27. Rh8# 1-0


[Site "https://www.chess.com"]

[Event "Titled Tuesday Blitz January 03 Late 2023"]
[White "Slade, Theodore"]
[Black "Espinosa, Pedro"]
[WhiteFideId "426547"]
[BlackFideId "30921066"]
[WhiteElo "1995"]
[BlackElo "2229"]
[Result "1/2-1/2"]
[Round "08"]
[TimeControl "180+2"]
[Date "2023.01.03"]
[WhiteClock "0:00:49"]
[BlackClock "0:00:13"]

1. d4 d5 2. c4 c6 3. Nc3 Nf6 4. e3 e6 5. Nf3 Nbd7 6. Qc2 Bd6 7. Be2 O-O 8. O-O b6 9. e4 dxe4 10. Nxe4 Be7 11. Nxf6+ Nxf6 12. Ne5 Bb7 13. Bf3 Qxd4 14. Bxc6 Qxe5 15. Bxb7 Rab8 16. Bf3 Rbc8 17. Bd2 b5 18. Bc3 Rxc4 19. Be2 Rcc8 20. Qd3 Qg5 21. Qxb5 Nd5 22. Bd4 Nf4 23. g3 Nxe2+ 24. Qxe2 Rfd8 25. Bxa7 Rd2 26. Qe3 Qxe3 27. Bxe3 Rxb2 28. Rfb1 Rxb1+ 29. Rxb1 Ra8 30. Ra1 Bf6 31. Rc1 h6 32. Rc2 g5 33. h4 Kg7 34. hxg5 hxg5 35. Kg2 Kg6 36. g4 Be7 37. f3 Bd6 38. Bf2 Bf4 39. Bg3 Bxg3 40. Kxg3 Ra4 41. Rb2 Ra3 42. Re2 f6 43. Rxe6 Rxa2 44. Re8 Kf7 45. Rb8 Ra7 46. Rb6 Kg6 47. Rb8 Rg7 48. Rb6 Rf7 49. f4 gxf4+ 50. Kxf4 Rd7 51. Rb4 Rd6 52. Ra4 Rc6 53. Rb4 Rd6 54. Ra4 Rc6 55. Rb4 Rd6 1/2-1/2


[Site "https://www.chess.com"]

[Event "Titled Tuesday Blitz January 03 Late 2023"]
[White "Yaran, Siar"]
[Black "Novikova, Galina"]
[WhiteFideId "6323006"]
[BlackFideId "4157095"]
[WhiteElo "2288"]
[BlackElo "2073"]
[Result "1-0"]
[Round "08"]
[TimeControl "180+2"]
[Date "2023.01.03"]
[WhiteClock "0:00:12"]
[BlackClock "0:00:01"]

1. d4 e6 2. c4 f5 3. Nc3 Nf6 4. Nf3 Be7 5. e3 d6 6. b3 O-O 7. Bb2 Ne4 8. Bd3 Nxc3 9. Bxc3 Nd7 10. Qc2 Nf6 11. O-O Qe8 12. Nd2 Qh5 13. f3 Qg5 14. Rae1 b6 15. e4 Bd8 16. f4 Qh5 17. e5 dxe5 18. fxe5 Ng4 19. h3 Nh6 20. d5 Kh8 21. Nf3 Be7 22. Nd4 Bc5 23. Kh1 Bxd4 24. Bxd4 Qh4 25. Qf2 Qe7 26. Re3 Bd7 27. Rg3 Rf7 28. Qf4 a5 29. d6 Qd8 30. Rff3 c5 31. Bc3 Bc6 32. Re3 a4 33. b4 Qf8 34. b5 Bb7 35. a3 Rb8 36. Rg5 Rc8 37. Reg3 Rd8 38. Rh5 Rdd7 39. Kh2 Rd8 40. Rgg5 Rdd7 41. Qh4 Rd8 42. Bd2 f4 43. Rxg7 Qxg7 44. Qxd8+ Rf8 45. Qg5 Rg8 46. Bxf4 Qf7 47. Rxh6 1-0


[Site "https://www.chess.com"]

[Event "Titled Tuesday Blitz January 03 Late 2023"]
[White "Sai Han Thiha"]
[Black "Andrews, Todd"]
[WhiteFideId "13012290"]
[BlackFideId "2012456"]
[WhiteElo "2070"]
[BlackElo "2220"]
[Result "1-0"]
[Round "08"]
[TimeControl "180+2"]
[Date "2023.01.03"]
[WhiteClock "0:00:39"]
[BlackClock "0:00:34"]

1. d4 d5 2. c4 e5 3. dxe5 d4 4. Nf3 Nc6 5. Nbd2 Nge7 6. Nb3 Nf5 7. g3 a5 8. Bg2 a4 9. Nbd2 h5 10. O-O h4 11. Ne4 hxg3 12. hxg3 Be6 13. Neg5 Bxc4 14. Qc2 Be6 15. Nxe6 fxe6 16. Ng5 Qd7 17. Bf4 Be7 18. Ne4 d3 19. Qxd3 Qxd3 20. exd3 Ncd4 21. Nc3 Bb4 22. Bxb7 Rb8 23. Be4 a3 24. Rab1 Kf7 25. Bxf5 exf5 26. Nd5 axb2 27. Rxb2 Nf3+ 28. Kg2 Ne1+ 29. Rxe1 Bxe1 30. Re2 Bb4 31. e6+ Kg6 32. Bxc7 Rb5 33. Nf4+ Kf6 34. d4 g5 35. Be5+ Ke7 36. Ng6+ 1-0


[Site "https://www.chess.com"]

[Event "Titled Tuesday Blitz January 03 Late 2023"]
[White "Erdogdu, Mert"]
[Black "Chernov, Mikhail"]
[WhiteFideId "6301495"]
[BlackFideId "24143170"]
[WhiteElo "2413"]
[BlackElo "2205"]
[Result "1-0"]
[Round "08"]
[TimeControl "180+2"]
[Date "2023.01.03"]
[WhiteClock "0:00:17"]
[BlackClock "0:00:05"]

1. e4 c5 2. Nf3 Nc6 3. d4 cxd4 4. Nxd4 Nf6 5. Nc3 d6 6. Bg5 e6 7. Qd2 a6 8. O-O-O Bd7 9. f3 b5 10. Be3 Qc7 11. g4 Ne5 12. g5 Nh5 13. f4 Nc4 14. Bxc4 bxc4 15. Kb1 Rb8 16. Ka1 Qa5 17. Nde2 Be7 18. Ng3 Nxg3 19. hxg3 Bc6 20. Qd4 Qb4 21. Bc1 f6 22. a3 Qc5 23. Qxc5 dxc5 24. gxf6 gxf6 25. Rh5 Kf7 26. Rdh1 Kg7 27. Be3 f5 28. Rh6 Bf6 29. Bxc5 fxe4 30. Be3 Bd5 31. g4 Kf7 32. Rxh7+ Rxh7 33. Rxh7+ Kg6 34. Rd7 Bxc3 35. bxc3 Rh8 36. f5+ Kf6 37. Bd4+ e5 38. Rxd5 exd4 39. cxd4 Re8 40. Rd6+ Kf7 41. Rh6 e3 42. Rh1 e2 43. Re1 c3 44. Ka2 Kf6 45. Kb3 Kg5 46. Kxc3 Kxg4 47. Kd2 Kf3 48. f6 Kf2 49. f7 Rf8 50. Rxe2+ Kf3 51. Re7 Kf4 52. c4 Kf5 53. d5 Kf6 54. d6 Kg7 55. c5 Rb8 56. Re8 1-0


[Site "https://www.chess.com"]

[Event "Titled Tuesday Blitz January 03 Late 2023"]
[White "Bjelobrk, Igor"]
[Black "Winterberg, Lukas"]
[WhiteFideId "4300726"]
[BlackFideId "24622702"]
[WhiteElo "2403"]
[BlackElo "2402"]
[Result "1/2-1/2"]
[Round "08"]
[TimeControl "180+2"]
[Date "2023.01.03"]
[WhiteClock "0:00:11"]
[BlackClock "0:00:32"]

1. Nf3 Nf6 2. c4 e6 3. g3 d5 4. Bg2 Be7 5. O-O O-O 6. d4 dxc4 7. Qc2 a6 8. a4 c5 9. dxc5 Bxc5 10. Qxc4 b6 11. Ne5 Ra7 12. Nc3 Bb7 13. Bxb7 Rxb7 14. Ne4 Qd4 15. Nxf6+ gxf6 16. Qxd4 Bxd4 17. Nf3 Bc5 18. Bh6 Rd8 19. Rac1 Rbd7 20. Ne1 Nc6 21. Nf3 a5 22. Kg2 Nd4 23. Nxd4 Rxd4 24. b3 R4d5 25. Rc2 f5 26. Rb1 f6 27. Rbb2 Kf7 28. Bd2 e5 29. Kf1 Ke6 30. Ra2 Rd4 31. Bxa5 Rd1+ 32. Kg2 Bxf2 33. Rc6+ R8d6 34. Rxd6+ Kxd6 35. Rd2+ Rxd2 36. Bxd2 Bd4 37. e3 Bb2 38. Kf3 Kd5 39. b4 Kc4 40. a5 bxa5 41. bxa5 Kb5 42. e4 fxe4+ 43. Kxe4 Ba3 44. Kf5 Be7 45. g4 Bd8 46. h4 Bxa5 47. Bh6 Bd8 48. Bg7 Kc4 49. g5 fxg5 50. hxg5 Kd5 51. Bxe5 Bxg5 52. Kxg5 Kxe5 53. Kh6 Kf6 54. Kxh7 1/2-1/2


[Site "https://www.chess.com"]

[Event "Titled Tuesday Blitz January 03 Late 2023"]
[White "Blanco Acevedo, Cristobal Jose"]
[Black "Skvortsov, Andrei"]
[WhiteFideId "3900525"]
[BlackFideId "24108600"]
[WhiteElo "2310"]
[BlackElo "2313"]
[Result "0-1"]
[Round "08"]
[TimeControl "180+2"]
[Date "2023.01.03"]
[WhiteClock "0:00:12"]
[BlackClock "0:01:16"]

1. e4 e6 2. d4 d5 3. Nc3 Nf6 4. e5 Nfd7 5. f4 c5 6. Nf3 Nc6 7. Be3 a6 8. Qd2 b5 9. a3 Rb8 10. dxc5 Bxc5 11. Nd4 Nxd4 12. Bxd4 Qb6 13. Rd1 Bxd4 14. Qxd4 Qxd4 15. Rxd4 f6 16. exf6 Nxf6 17. g3 Kd7 18. Bh3 Kc6 19. Bg2 Kc5 20. Rd2 Re8 21. O-O b4 22. axb4+ Rxb4 23. b3 Bd7 24. Re1 Rbb8 25. f5 exf5 26. Rxe8 Bxe8 27. Nxd5 Ne4 28. Bxe4 fxe4 29. Ne3 Bc6 30. Kf2 Rf8+ 31. Ke2 a5 32. c3 Bb5+ 33. c4 Bc6 34. Ra2 Kb4 35. Ra1 Ra8 36. Nc2+ Kc3 37. Kd1 Rd8+ 38. Kc1 Rf8 39. Ne3 Rf3 40. Nd1+ Kb4 41. Kc2 Rxb3 42. Rxa5 Kxa5 43. Kxb3 Ba4+ 44. Kc3 Bxd1 45. Kd4 Bf3 46. h4 Kb6 0-1


[Site "https://www.chess.com"]

[Event "Titled Tuesday Blitz January 03 Late 2023"]
[White "Papp, Levente"]
[Black "Senthil, Maran K"]
[WhiteFideId "751243"]
[BlackFideId "25035681"]
[WhiteElo "2353"]
[BlackElo "2209"]
[Result "1-0"]
[Round "08"]
[TimeControl "180+2"]
[Date "2023.01.03"]
[WhiteClock "0:00:12"]
[BlackClock "0:00:08"]

1. c4 c5 2. g3 g6 3. Bg2 Bg7 4. Nc3 Nc6 5. e4 Nf6 6. Nge2 O-O 7. O-O d6 8. d3 Rb8 9. Rb1 a6 10. a3 b5 11. cxb5 axb5 12. b4 Nd7 13. bxc5 Nxc5 14. Rxb5 Ba6 15. Rxb8 Qxb8 16. d4 Nb3 17. Be3 Nba5 18. Qa4 Qb3 19. Qxb3 Nxb3 20. Rd1 Rc8 21. Bf1 Ncxd4 22. Nxd4 Bxf1 23. Nd5 Kf8 24. Kxf1 Nc5 25. f3 Ra8 26. Nb5 Ra5 27. Bxc5 Rxb5 28. Bb4 Bb2 29. Rd2 Ba1 30. Ra2 Be5 31. f4 Bd4 32. a4 Rb7 33. a5 Ke8 34. a6 Ra7 35. Nc3 Ra8 36. Nb5 Bb6 37. Bc3 Kd7 38. Bd4 Kc6 39. Bxb6 Kxb6 40. Nc3 e6 41. a7 f6 42. Ke2 Rxa7 43. Rxa7 Kxa7 44. Nb5+ Kb7 45. Nxd6+ Kc6 46. Nc4 Kc5 47. Kd3 f5 48. e5 Kd5 49. Nd6 g5 50. Nf7 g4 51. Ng5 h6 52. Nf7 h5 53. Ng5 Kc6 54. Nxe6 Kd7 55. Ng5 Ke7 56. Kd4 h4 57. Kd5 Kf8 58. e6 hxg3 59. hxg3 Ke7 60. Ke5 1-0


[Site "https://www.chess.com"]

[Event "Titled Tuesday Blitz January 03 Late 2023"]
[White "Goncalves, Davi Sulzbacher"]
[Black "Goroshkov, Maksym"]
[WhiteFideId "2154510"]
[BlackFideId "14142716"]
[WhiteElo "2282"]
[BlackElo "2287"]
[Result "1/2-1/2"]
[Round "08"]
[TimeControl "180+2"]
[Date "2023.01.03"]
[WhiteClock "0:00:01"]
[BlackClock "0:00:18"]

1. Nf3 Nf6 2. g3 g6 3. Bg2 Bg7 4. O-O O-O 5. d4 d5 6. Bf4 c6 7. c3 Bf5 8. Nbd2 Qc8 9. Re1 Bh3 10. Bh1 h6 11. e4 dxe4 12. Nxe4 Nxe4 13. Rxe4 Re8 14. Qd2 g5 15. Nxg5 hxg5 16. Bxg5 Bf5 17. Rxe7 Rxe7 18. Bxe7 Nd7 19. Qg5 Bg6 20. h4 Nf8 21. Bxf8 Kxf8 22. Re1 Qd8 23. Qc5+ Kg8 24. h5 Bh7 25. Re7 b6 26. Qg5 Kh8 27. Bxc6 Rc8 28. Re8+ Qxe8 29. Bxe8 Rxe8 30. h6 Bf8 31. Qf6+ Kg8 32. Qg5+ Bg6 33. f4 Re4 34. f5 Be7 35. h7+ Kh8 36. f6 Bd8 37. Kf2 Re6 38. Qd5 Bxf6 39. Qa8+ Kxh7 40. Qxa7 Bh5 41. a4 Re2+ 42. Kf1 Rxb2 43. Qd7 Bg6 44. Qd6 Kg7 45. Ke1 Bg5 46. Qe5+ Bf6 47. Qd6 Rb3 48. Qc6 Rb2 49. Qd6 1/2-1/2


[Site "https://www.chess.com"]